 Dungeon Crawl Stone Soup version 0.29.1-14-g9c671dbff4 (webtiles) character file.

Game seed: 14131735365200281065

18 hawla the Firebug (level 3, -4/26 HPs)
             Began as a Meteoran Fire Elementalist on Feb 12, 2023.
             Killed from afar by Blork the orc (9 damage)
             ... with a puff of frost
             ... on level 4 of the Dungeon.
             The game lasted 00:02:50 (333 turns).

hawla the Firebug (Meteoran Fire Elementalist)       Turns: 333, Time: 00:02:50

Health: -4/26      AC:  2    Str: 10    XL:     3   Next: 8%
Magic:  8/8        EV: 12    Int: 18    God:
Gold:   13         SH:  0    Dex: 14    Spells: 5/8 levels left

rFire   + . .      SeeInvis .   j - staff of fire
rCold   . . .      Faith    .   (no shield)
rNeg    . . .      Spirit   .   a - +0 robe
rPois   .          Reflect  .   (no helmet)
rElec   .          Harm     .   (no cloak)
rCorr   .          Rampage  .   (no gloves)
Will    .....                   (no boots)
Stlth   +.........              (no amulet)
HPRegen 0.08/turn               (no ring)
MPRegen 0.11/turn               (no ring)

@: glowing
A: sense surroundings 1, otherworldly, glowing, explore regen
a: no special abilities


You were on level 4 of the Dungeon.
You visited 1 branch of the dungeon, and saw 4 of its levels.

You collected 13 gold pieces.

Inventory:

Armour
 a - a +0 robe (worn)
Magical Staves
 j - a staff of fire (weapon)
Scrolls
 c - a scroll of summoning
Potions
 d - 2 potions of invisibility {unknown}
 e - a potion of cancellation
 g - a potion of brilliance {unknown}
 h - a potion of attraction {unknown}
 l - a potion of berserk rage {unknown}


   Skills:
 - Level 2.6 Dodging
 - Level 1.4 Stealth
 - Level 3.2 Spellcasting
 - Level 1.3 Conjurations
 - Level 4.2 Fire Magic


You had 5 spell levels left.
You knew the following spells:

 Your Spells              Type           Power      Damage    Failure   Level
a - Foxfire               Conj/Fire      76%        2x1d7     4%          1
b - Scorch                Fire           54%        2d8       4%          2

Your spell library contained the following spells:

 Spells                   Type           Power      Damage    Failure   Level
 Conjure Flame            Conj/Fire      19%        6-21      16%         3
 Inner Flame              Hex/Fire       15%        N/A       21%         3
 Flame Wave               Conj/Fire      19%        2d7       45%         4


Dungeon Overview and Level Annotations

Branches:
Dungeon (4/15) Zot: 2067
 Temple: D:4-7

Altars:
Xom

Shops:
D:3 :

Annotations:
D:4 Blork the orc


Innate Abilities, Weirdness & Mutations

You passively map a small area around you.
You are easily found by Zot.
You glow in the dark.
You regain HP and MP as you explore.


Message History

Casting: Scorch (safe; 4% risk of failure)
Confirm with . or Enter, or press ? or * to list all spells.
You feel a surge of power!
You conjure some foxfire!
Blork the orc casts a spell at you. The puff of flame misses you.
Blork the orc hits you with a +0 short sword!
Casting: Foxfire (safe; 4% risk of failure)
Confirm with . or Enter, or press ? or * to list all spells.
You feel a surge of power!
Flames lash Blork the orc.
Blork the orc is heavily wounded.
The foxfire hits Blork the orc.
Blork the orc is heavily wounded.
The foxfire hits Blork the orc but does no damage.
Blork the orc is heavily wounded.
Blork the orc barely misses you.
Casting: Scorch (safe; 4% risk of failure)
Confirm with . or Enter, or press ? or * to list all spells.
You feel a surge of power!
You conjure some foxfire!
Blork the orc closely misses you.
Blork the orc hits you with a +0 short sword.
Casting: Foxfire (safe; 4% risk of failure)
Confirm with . or Enter, or press ? or * to list all spells.
You feel a surge of power!
You conjure some foxfire!
The foxfire hits Blork the orc.
Blork the orc is heavily wounded.
The foxfire hits Blork the orc.
Blork the orc is severely wounded.
Blork the orc barely misses you.
You closely miss Blork the orc.
Blork the orc is severely wounded.
The foxfire hits Blork the orc but does no damage.
Blork the orc is severely wounded.
Blork the orc points at you and mumbles some strange words.
The magic dart hits you.
Blork the orc hits you with a +0 short sword.
* * * LOW HITPOINT WARNING * * *
Magic courses through your body.
Blork the orc points at you and mumbles some strange words.
The puff of frost hits you!
You die...

* #<#.# *
#..###.### >
#........#
.....##.#.#######
, ....
#..........# ,
.#. #.#..#####.#
* # #..........#
*, #.#....ยง#..#
* ###.#..@# ,* ,,
...###o#, * * * ,
#.......# *
#.####### * #. *
, * , #, ** , * *
, * * * * , ,, ,
*


You could see Blork the orc (fast, combustible).

Vanquished Creatures
  A dart slug (D:2)
  An orc (D:2)
  A bat (D:1)
  An endoplasm (D:1)
  A goblin (D:1)
  3 jackals (D:2)
  A kobold (D:2)
  A ball python (D:2)
  A frilled lizard (D:1)
  A rat (D:1)
12 creatures vanquished.

Vanquished Creatures (collateral kills)
  A giant cockroach (D:2)
  A kobold (D:2)
2 creatures vanquished.

Vanquished Creatures (others)
  36 foxfires
36 creatures vanquished.

Grand Total: 50 creatures vanquished

Notes
Turn   | Place    | Note
-------+----------+-------------------------------------------
     0 | D:1      | hawla the Meteoran Fire Elementalist began the quest for
                  | the Orb.
     0 | D:1      | Reached XP level 1. HP: 14/14 MP: 5/5
    50 | D:1      | Reached XP level 2. HP: 17/20 MP: 2/7
   110 | D:2      | Reached skill level 4 in Fire Magic
   130 | D:2      | Learned a level 2 spell: Scorch
   131 | D:2      | Found a shimmering altar of Xom.
   141 | D:2      | Reached XP level 3. HP: 26/26 MP: 4/8
   248 | D:3      | Found Cocwum's Vocational Training.
   324 | D:4      | Noticed Blork the orc
   333 | D:4      | Killed from afar by Blork the orc

Illustrated notes

Levels and vault maps discovered:
D:1:      dpeg_arrival_tiny_g, layout_basic, ebering_ecumenical_altar_rust
D:2:      layout_basic, basic_altar, st_stairs_5, kennysheep_generic_room_5,
          uniq_natasha
D:3:      layout_basic, vehumet_altar_wand_db, serial_corexii_hall,
          corexii_hall_statues_s, corexii_hall_statues_x,
          nicolae_shop_vocational
D:4:      layout_basic, evilmike_ruin_ashenzari, uniq_eustachio,
          uniq_blork_the_orc, uniq_edmund

Skill      XL: |  1  2 |
---------------+-------+-----
Spellcasting   | 3 |  3.2
Fire Magic     | 4 |  4.2
Dodging        | |  2.6
Stealth        | |  1.4
Conjurations   | |  1.3

Action                   || total
-------------------------++-------
Melee: Unarmed           ||     7
       Punch             ||     1
       Staff             ||     1
 Cast: Foxfire           ||    22
       Scorch            ||     2
  Use: Scroll            ||     7
       Potion            ||     1
Armor: Robe              ||     3
Dodge: Dodged            ||    13
